 Dungeon Crawl Stone Soup version 0.28.0-53-g5a82cb258f (webtiles) character file.

Game seed: 3503436215380526844

833 LynnLen the Covert (level 7, 0/46 HPs)
             Began as a Vampire Enchanter on Aug 3, 2022.
             Slain by a hornet zombie (13 damage)
             ... on level 5 of the Dungeon.
             The game lasted 00:18:40 (7009 turns).

LynnLen the Covert (Vampire Enchanter)              Turns: 7009, Time: 00:18:41

Health: 0/46       AC:  3    Str:  7    XL:     7   Next: 66%
Magic:  10/10      EV: 12    Int: 18    God:
Gold:   168        SH:  8    Dex: 16    Spells: 1/10 levels left

rFire   . . .      SeeInvis +   e - +2 dagger (speed)
rCold   . . .      Faith    .   j - +0 buckler
rNeg    + . .      Spirit   .   k - +0 leather armour
rPois   .          Reflect  +   (no helmet)
rElec   .          Harm     .   (no cloak)
rCorr   .          Rampage  .   (no gloves)
Will    .....                   (no boots)
Stlth   ++++......              v - amulet of reflection
HPRegen 0.35/turn               f - ring of positive energy
MPRegen 0.12/turn               (no ring)

@: healing quickly
A: alive, fangs 3, see invisible, vampiric 2
a: Exsanguinate


You were on level 5 of the Dungeon.
You visited 1 branch of the dungeon, and saw 5 of its levels.

You collected 168 gold pieces.

Inventory:

Hand Weapons
 a - a +2 dagger of freezing
 e - a +2 dagger of speed (weapon)
 u - a +0 hunting sling
Missiles
 d - 78 stones (quivered)
 g - 60 sling bullets
 w - 8 poisoned darts
Armour
 j - a +0 buckler (worn)
 k - a +0 leather armour (worn)
Jewellery
 f - a ring of positive energy (left hand)
 v - an amulet of reflection (around neck)
Wands
 b - a wand of flame (15)
Scrolls
 i - a scroll of vulnerability
Potions
 c - a potion of invisibility
 h - 5 potions of curing
 m - a potion of berserk rage {unknown}
 o - a potion of attraction {unknown}
 p - a potion of magic {unknown}
 s - a potion of ambrosia {unknown}
 x - a potion of flight {unknown}
 A - a potion of lignification {unknown}


   Skills:
 * Level 7.0 Short Blades
 + Level 4.0 Dodging
 + Level 8.8 Stealth
 - Level 2.0 Spellcasting
 - Level 4.4 Hexes


You had one spell level left.
You knew the following spells:

 Your Spells              Type           Power      Damage    Failure   Level
a - Confusing Touch       Hex            17%        N/A       19%         3
b - Tukima's Dance        Hex            17%        N/A       19%         3
c - Dazzling Flash        Conj/Hex       18%        N/A       41%         3

Your spell library contained the following spells:

 Spells                   Type           Power      Damage    Failure   Level
 Ensorcelled Hibernation  Hex/Ice        18%        N/A       22%         2
 Animate Dead             Necr           0%         N/A       98%         4
 Petrify                  Tmut/Erth      1%         N/A       98%         4
 Metabolic Englaciation   Hex/Ice        4%         N/A       99%         5
 Silence                  Hex/Air        4%         N/A       99%         5
 Agony                    Necr           1%         N/A       100%        5
 Borgnjor's Vile Clutch   Necr/Erth      0%         N/A       100%        5
 Death Channel            Necr           0%         N/A       100%        6
 Statue Form              Tmut/Erth      0%         N/A       100%        6


Dungeon Overview and Level Annotations

Branches:
Dungeon (5/15)             Temple (0/1) D:4

Altars:
Trog
Uskayaw


Innate Abilities, Weirdness & Mutations

Your natural rate of healing is accelerated.
You have razor-sharp teeth.
You have supernaturally acute eyesight. (SInv)
You are afflicted with vampirism and can become a bat while bloodless.


Message History

You climb downwards.
You block the hornet zombie's attack. The hornet zombie hits you.
There is a stone staircase leading up, spattered with blood here.
You hit the hornet zombie.
The hornet zombie is heavily damaged.
The hornet zombie barely misses you.
You hit the hornet zombie but do no damage.
The hornet zombie is heavily damaged.
The hornet zombie hits you!
You closely miss the hornet zombie.
The hornet zombie is heavily damaged.
You hit the hornet zombie.
The hornet zombie is severely damaged.
The hornet zombie hits you.
You hit the hornet zombie.
The hornet zombie is severely damaged.
You barely miss the hornet zombie. Your bite misses the hornet zombie.
The hornet zombie is severely damaged.
You block the hornet zombie's attack.
You barely miss the hornet zombie.
You bite the hornet zombie, but do no damage.
The hornet zombie is severely damaged.
You barely miss the hornet zombie.
You bite the hornet zombie, but do no damage.
The hornet zombie is severely damaged.
The hornet zombie closely misses you.
You barely miss the hornet zombie.
The hornet zombie is severely damaged.
You block the hornet zombie's attack.
You closely miss the hornet zombie. You bite the hornet zombie.
The hornet zombie is severely damaged.
The hornet zombie hits you!
You hit the hornet zombie.
The hornet zombie is severely damaged.
You closely miss the hornet zombie.
The hornet zombie is severely damaged.
The hornet zombie hits you.
* * * LOW HITPOINT WARNING * * *
The hornet zombie hits you!
You die...

#####.....#......
###.....#...... #
#.........# .
#.##..##..### #.#
.....###.####..#
....
...#...##.........
.... ..#
###..#......###
.... .
#......###.## ....
##..Z@.#.#..# ....
#..........# ....
#.......##.# ....
#..#.....#.#
#..###.#....# #...
###[#.... # ##..
........ #. #..
#.##.... #. .#..
...##... ##


You could see a hornet zombie.

Vanquished Creatures
  A troll (D:5)
  A black bear (D:4)
  A sky beast (D:4)
  A necrophage (D:4)
  A hound (D:4)
  2 orc priests (D:3)
  Jessica (D:2)
  2 orc wizards (D:2)
  4 gnolls (D:4)
  6 adders
  An ufetubus (D:4)
  3 adder skeletons (D:4)
  A worm (D:2)
  4 dart slugs
  10 orcs
  3 ball pythons
  3 bats
  4 endoplasms
  3 giant cockroaches
  6 goblins
  8 hobgoblins
  5 quokkas
  4 frilled lizards
  8 kobolds
  5 rats
88 creatures vanquished.

Vanquished Creatures (others)
  A dancing weapon (D:2)
1 creature vanquished.

Grand Total: 89 creatures vanquished

Notes
Turn   | Place    | Note
-------+----------+-------------------------------------------
     0 | D:1      | LynnLen the Vampire Enchanter began the quest for the Orb.
     0 | D:1      | Reached XP level 1. HP: 13/13 MP: 3/3
   235 | D:1      | Reached XP level 2. HP: 14/19 MP: 5/5
   303 | D:1      | Reached skill level 5 in Stealth
  1059 | D:2      | Gained mutation: You are afflicted with vampirism and can
                  | become a bat while bloodless. [Vampire growth]
  1059 | D:2      | Reached XP level 3. HP: 24/24 MP: 6/6
  1065 | D:2      | Learned a level 3 spell: Confusing Touch
  1069 | D:2      | Learned a level 3 spell: Tukima's Dance
  1107 | D:2      | Found a hide-covered altar of Uskayaw.
  1313 | D:2      | Noticed Jessica
  1358 | D:2      | Killed Jessica
  1359 | D:2      | Reached XP level 4. HP: 21/30 MP: 2/7
  1766 | D:2      | Found a faded altar of an unknown god.
  1791 | D:2      | Reached skill level 6 in Stealth
  3657 | D:2      | Reached XP level 5. HP: 8/35 MP: 8/8
  4288 | D:3      | Found a bloodstained altar of Trog.
  4608 | D:4      | Identified the +1 flail "Wiah" {freeze, rPois rCorr}
  4621 | D:4      | Reached XP level 6. HP: 35/41 MP: 9/9
  4650 | D:4      | Learned a level 3 spell: Dazzling Flash
  5165 | D:4      | Found a staircase to the Ecumenical Temple.
  5423 | D:4      | Reached skill level 5 in Short Blades
  5571 | D:4      | Reached skill level 7 in Stealth
  5930 | D:4      | Reached XP level 7. HP: 46/46 MP: 10/10
  6459 | D:5      | Entered Level 5 of the Dungeon
  6499 | D:5      | Noticed a troll
  6550 | D:4      | Reached skill level 8 in Stealth
  6790 | D:5      | Killed a troll
  7009 | D:5      | Slain by a hornet zombie

Illustrated notes

Levels and vault maps discovered:
D:1:      psy_arrival_statuary, layout_loops_ring
D:2:      layout_basic, basic_altar, ebering_ecumenical_altar_abandoned,
          kennysheep_nondescript, uniq_jessica
D:3:      layout_rooms, mainiacjoe_overflow_brackets
D:4:      kennysheep_six_static_rooms, layout_loops_ring, temple_green,
          serial_co_window_serial, co_window_paths_b, co_window_paths_a,
          co_window_paths_b, co_window_cross_1, co_window_corner_a,
          co_window_paths_b, co_window_of_opportunity_a, co_window_2corner,
          co_window_corner_b, co_window_corner_b, co_window_corner_b,
          co_window_corner_b, co_window_4corner_b, glass_columns_a,
          glass_columns_a, glass_columns_b, glass_columns_a, glass_columns_a,
          eino_small_chamber_without_monster
D:5:      cheibrodos_fzero, layout_cave_pools, minivault_24, minmay_manual_mares

Skill      XL: |  1  2  3  4  5  6  7 |
---------------+----------------------+-----
Stealth        | 5 6 7 8 |  8.8
Short Blades   | 2 3 4 6 7 |  7.0
Dodging        | 3 4 |  4.0
Spellcasting   | |  2.0
Hexes          | |  4.4

Action                   |  1- 3 |  4- 6 |  7- 9 || total
-------------------------+-------+-------+-------++-------
Melee: Dagger            |   115 |   249 |    96 ||   460
       Bite              |     5 |    25 |    13 ||    43
Throw: Stone             |       |     6 |       ||     6
 Cast: Confusing Touch   |     1 |     8 |       ||     9
       Tukima's Dance    |     1 |     4 |       ||     5
  Use: Scroll            |     2 |     2 |     7 ||    11
       Potion            |       |     1 |       ||     1
 Stab: Sleeping          |    11 |    14 |     1 ||    26
       Confused          |       |     7 |       ||     7
       Invisible         |       |     1 |       ||     1
Armor: Robe              |     9 |       |       ||     9
       Leather armour    |     6 |    26 |     8 ||    40
Dodge: Dodged            |    38 |    80 |    22 ||   140
Block: Buckler           |     6 |    32 |    16 ||    54
